 Dungeon Crawl Stone Soup version 0.23.2-40-g277498a001 (webtiles) character file.

Game seed: 6369497643847311166

18011 Exodus22XD the Cleaver (level 12, -8/107 HPs)
             Began as a Minotaur Fighter on Aug 31, 2019.
             Was a Priest of the Shining One.
             Shot with an arrow by Nessos (10 damage)
             ... on level 4 of the Lair of Beasts.
             The game lasted 00:24:47 (11182 turns).

Exodus22XD the Cleaver (Minotaur Fighter)          Turns: 11182, Time: 00:24:59

Health: -8/107     AC: 18    Str: 24    XL:     12   Next: 23%
Magic:  15/15      EV:  9    Int:  5    God:    the Shining One [***...]
Gold:   792        SH: 12    Dex: 12    Spells: 11/11 levels left

rFire    + . .     SeeInvis +   a - +0 war axe
rCold    + . .     Gourm    .   c - +0 shield
rNeg     + . .     Faith    .   D - +0 chain mail
rPois    .         Spirit   .   n - +2 hat
rElec    .         Reflect  .   Q - scarf {rC+ rF+}
rCorr    +         Harm     .   i - +0 pair of gloves "Qasinui" {rCorr} (curse)
MR       .....                  K - +2 pair of boots
Stlth    ..........             (no amulet)
HPRegen  0.27/turn              b - ring of stealth
MPRegen  0.14/turn              F - ring of see invisible

@: lethally poisoned (-8 -> -33), glowing
A: retaliatory headbutt, horns 2
a: Divine Shield, Renounce Religion


You were on level 4 of the Lair of Beasts.
You worshipped the Shining One.
The Shining One was most pleased with you.
You were not hungry.

You visited 3 branches of the dungeon, and saw 16 of its levels.
You also visited: Sewer.

You collected 857 gold pieces.
You spent 65 gold pieces at shops.

Inventory:

Hand Weapons
 a - a +0 war axe (weapon)
 B - a +0 trident
Armour
 c - a +0 shield (worn)
 i - the cursed +0 pair of gloves "Qasinui" (worn) {rCorr}
   (You found it on level 5 of the Dungeon)

   It provides partial protection from all sources of acid and corrosion.
   It has a curse placed upon it.
 j - a +0 cloak
 n - a +2 hat (worn)
 D - a +0 chain mail (worn)
 K - a +2 pair of boots (worn)
 Q - a scarf of resistance (worn)
Jewellery
 b - a ring of stealth (left hand)
 F - a ring of see invisible (right hand)
Wands
 k - a wand of flame (20)
 s - a wand of iceblast (16)
 z - a wand of digging (14)
 I - a wand of scattershot (6)
 J - a wand of disintegration (26)
Scrolls
 g - 2 scrolls of magic mapping
 m - 2 scrolls of fog
 o - 2 scrolls of immolation
 p - a scroll of enchant weapon
 q - a scroll of enchant armour
 t - 8 scrolls of teleportation
 u - 2 scrolls of fear
 y - a scroll of brand weapon
 C - 6 scrolls of remove curse
 E - a scroll of blinking
 N - a scroll of amnesia {unknown}
 O - a scroll of identify
Potions
 d - 5 potions of might
 e - a potion of ambrosia
 h - a potion of curing
 l - a potion of mutation {unknown}
 r - a potion of berserk rage
 v - 2 potions of agility {unknown}
 w - 2 potions of invisibility {unknown}
 x - 3 potions of flight {unknown}
 A - a potion of brilliance {unknown}
 G - a potion of resistance
 H - a potion of magic {unknown}
 L - 2 potions of heal wounds
 P - a potion of haste
Comestibles
 f - 17 rations
 M - 9 chunks of flesh


   Skills:
 + Level 10.4 Fighting
 + Level 14.7 Axes
 + Level 10.2 Armour
 - Level 4.0 Dodging
 - Level 0.7 Stealth
 + Level 10.3 Shields
 * Level 6.0 Invocations


You had 11 spell levels left.
You didn't know any spells.
Your spell library contained the following spells:

 Spells                   Type           Power        Failure   Level  Hunger
 Beastly Appendage        Tmut           #.....       99%         1    ##.....
 Sticks to Snakes         Tmut           #.......     100%        2    ###....
 Spider Form              Tmut/Pois      #.........   100%        3    ####...
 Ice Form                 Ice/Tmut       #.......     100%        4    #####..
 Blade Hands              Tmut           #.........   100%        5    ######.


Dungeon Overview and Level Annotations

Branches:
Dungeon (11/15)            Temple (1/1) D:5            Lair (4/6) D:8
 Shoals (0/4) Lair:2
  Snake: Lair:2-4    Spider: Lair:2-4       Orc: D:9-12

Altars:
Ashenzari
Cheibriados
Dithmenos
Elyvilon
Fedhas
Gozag
Hepliaklqana
Kikubaaqudgha
Makhleb
Nemelex Xobeh
Okawaru
Qazlal
Ru
Sif Muna
Trog
Uskayaw
Vehumet
Wu Jian
Xom
Yredelemnul
Zin
The Shining One

Shops:
D:4 !

Annotations:
Lair:3 2 transporters
Lair:4 Nessos


Innate Abilities, Weirdness & Mutations

You reflexively headbutt those who attack you in melee.
You have a pair of horns on your head.


Message History

* * * LOW HITPOINT WARNING * * *
You feel very sick.
Nessos blinks!
You see here an arrow.
A yak comes into view.
* * * LOW HITPOINT WARNING * * *
You feel very sick.
The yak bellows!
You hear a bellow! x2
Nessos casts a spell.
Nessos seems to speed up.
You feel better.
Nessos shoots an arrow.
You block the arrow.
A yak comes into view.
As you read the scroll of fog, it crumbles to dust.
The scroll dissolves into smoke.
Nessos shoots an arrow.
The arrow hits you!!
* * * LOW HITPOINT WARNING * * *
The arrow burns you.
You are lethally poisoned!
* * * LOW HITPOINT WARNING * * *
Nessos shoots an arrow.
The arrow hits you!
You die...

##..............#
#...............##
#.............((.# ##
#...............## .Y#
.#.......(((((...# ..#
.............(.c.#..#
......(.......§.##Y.#
..............(§#§..##.#
........§......§@§......
...............§§#§.....
.........(..?....P...##.
.....................#
.....................#
......................
....................P#
...........##


You could see Nessos and 2 yaks.

Vanquished Creatures
  A two-headed ogre (D:8)
  Sonja (Lair:3)
  3 merfolk sirens (Lair:2)
  2 black mambas
  A torpor snail (Lair:2)
  7 spiny frogs
  2 rime drakes
  2 komodo dragons (Lair:2)
  A troll (D:7)
  A merfolk (Lair:2)
  11 hippogriffs
  17 yaks
  A wyvern (Lair:4)
  Eustachio (D:6)
  A basilisk (D:8)
  10 porcupines
  11 water moccasins
  2 orc warriors
  3 sky beasts
  3 ice beasts
  5 ogres
  A necrophage (D:6)
  A phantom (D:7)
  13 wolves
  3 centaurs
  5 crocodiles
  6 bullfrogs
  A wyvern skeleton (D:8)
  4 killer bees (D:7)
  A howler monkey (D:4)
  A quasit (D:8)
  A centaur zombie (D:7)
  A hound (D:5)
  2 centaur skeletons
  2 jellies
  3 orc priests
  3 orc wizards
  6 worker ants
  3 iguanas
  A hound skeleton (D:4)
  Robin (D:2)
  A worker ant zombie (D:5)
  3 gnolls (D:8)
  8 adders
  2 shadow imps
  5 oozes
  An adder zombie (D:5)
  5 worms
  A dart slug (D:4)
  8 leopard geckos
  16 orcs
  3 ball pythons
  18 bats
  6 giant cockroaches
  18 goblins
  10 hobgoblins
  10 jackals
  6 quokkas
  11 frilled lizards
  8 kobolds
  A leopard gecko zombie (D:8)
  A quokka skeleton (D:7)
  A quokka zombie (D:8)
  9 rats
297 creatures vanquished.

Vanquished Creatures (others)
  A human (D:8)
  A fungus (Lair:2)
2 creatures vanquished.

Grand Total: 299 creatures vanquished

Notes
Turn   | Place    | Note
-------+----------+-------------------------------------------
     0 | D:1      | Exodus22XD the Minotaur Fighter began the quest for the
                  | Orb.
     0 | D:1      | Reached XP level 1. HP: 19/19 MP: 0/0
    39 | D:1      | Reached XP level 2. HP: 14/27 MP: 1/1
   444 | D:1      | Reached XP level 3. HP: 33/33 MP: 2/2
   958 | D:2      | Noticed Robin
   966 | D:2      | Killed Robin
   966 | D:2      | Reached skill level 3 in Axes
   969 | D:2      | Reached XP level 4. HP: 31/40 MP: 3/3
  1032 | D:2      | Reached skill level 1 in Dodging
  1455 | D:3      | Reached skill level 4 in Axes
  1455 | D:3      | Reached XP level 5. HP: 36/47 MP: 4/4
  1494 | D:3      | Found a glowing drain.
  1528 | Sewer    | Entered a sewer
  2258 | D:3      | Reached skill level 5 in Axes
  2558 | D:4      | Reached XP level 6. HP: 53/53 MP: 5/5
  2560 | D:4      | Found Dariyxt's Distillery.
  2567 | D:4      | Bought a potion of heal wounds for 65 gold pieces
  2816 | D:4      | Found a white marble altar of Elyvilon.
  3141 | D:5      | Entered Level 5 of the Dungeon
  3152 | D:5      | Found a staircase to the Ecumenical Temple.
  3152 | D:5      | Noticed an ice beast
  3158 | D:5      | Killed an ice beast
  3158 | D:5      | Reached skill level 5 in Shields
  3169 | Temple   | Entered the Ecumenical Temple
  3284 | Temple   | Became a worshipper of the Shining One
  3337 | D:5      | Reached skill level 6 in Axes
  3337 | D:5      | Reached skill level 5 in Armour
  3500 | D:5      | Reached XP level 7. HP: 60/60 MP: 6/6
  3660 | D:5      | Reached skill level 5 in Fighting
  3975 | D:5      | Got a pair of pitted gloves
  3981 | D:5      | Identified the cursed +0 pair of gloves "Qasinui" {rCorr}
                  | (You found it on level 5 of the Dungeon)
  4407 | D:6      | Noticed Eustachio
  4413 | D:6      | Reached skill level 7 in Axes
  4633 | D:6      | Reached XP level 8. HP: 43/69 MP: 7/7
  4806 | D:6      | Reached skill level 8 in Axes
  5025 | D:6      | Killed Eustachio
  5025 | D:6      | Reached skill level 9 in Axes
  5544 | D:7      | Reached * piety under the Shining One
  5834 | D:7      | Reached XP level 9. HP: 77/77 MP: 8/8
  5923 | D:7      | Reached skill level 10 in Axes
  5988 | D:7      | Noticed a troll
  5998 | D:7      | Killed a troll
  6371 | D:8      | You fall through a shaft for 3 floors!
  6501 | D:10     | Entered Level 10 of the Dungeon
  6518 | D:8      | Noticed a two-headed ogre
  6529 | D:8      | Killed a two-headed ogre
  6529 | D:8      | Reached skill level 11 in Axes
  6701 | D:8      | Reached XP level 10. HP: 82/87 MP: 9/9
  6963 | D:8      | Found a staircase to the Lair.
  7037 | D:8      | Found an ancient bone altar of Kikubaaqudgha.
  7133 | D:8      | Reached ** piety under the Shining One
  7377 | Lair:1   | Entered Level 1 of the Lair of Beasts
  7447 | Lair:1   | Reached skill level 1 in Invocations
  7478 | Lair:1   | Reached skill level 12 in Axes
  8001 | Lair:1   | Noticed a black mamba
  8011 | Lair:1   | Killed a black mamba
  8355 | Lair:2   | Noticed a spiny frog
  8369 | Lair:2   | Killed a spiny frog
  8369 | Lair:2   | Reached XP level 11. HP: 64/95 MP: 12/12
  8579 | Lair:2   | Reached skill level 13 in Axes
  9591 | Lair:2   | Found a staircase to the Shoals.
  9759 | Lair:2   | Reached skill level 14 in Axes
  9759 | Lair:2   | Reached skill level 5 in Invocations
  9988 | Lair:3   | Reached skill level 10 in Fighting
 10041 | Lair:3   | Reached skill level 10 in Armour
 10063 | Lair:3   | Noticed Sonja
 10082 | Lair:3   | Killed Sonja
 10082 | Lair:3   | Reached skill level 10 in Shields
 10403 | Lair:3   | Found a transporter.
 10417 | Lair:3   | Reached XP level 12. HP: 98/106 MP: 15/15
 10662 | Lair:3   | Found a transporter.
 10673 | Lair:3   | Reached *** piety under the Shining One
 11163 | Lair:4   | Noticed Nessos
 11182 | Lair:4   | HP: 3/107 [Nessos/arrow (31)]
 11182 | Lair:4   | Shot with an arrow by Nessos

Skill      XL: |  1  2  3  4  5  6  7  8  9 10 11 12 |
---------------+-------------------------------------+-----
Shields        | 4 5 6 7 9 10 | 10.3
Fighting       | 4 5 6 7 8 10 | 10.4
Armour         | 4 5 6 7 9 10 | 10.2
Axes           | 3 4 5 6 7 9 11 12 14 | 14.7
Dodging        | 1 2 3 4 |  4.0
Invocations    | 3 5 6 |  6.0
Stealth        | |  0.7

Action                   |  1- 3 |  4- 6 |  7- 9 | 10-12 || total
-------------------------+-------+-------+-------+-------++-------
Melee: War axe           |    70 |   173 |   236 |   393 ||   872
       Headbutt          |    10 |    24 |    30 |    79 ||   143
  Use: Scroll            |       |     6 |     4 |     9 ||    19
       Potion            |       |       |     1 |     4 ||     5
  Eat: Chunk             |       |     9 |    10 |    12 ||    31
       Ration            |       |       |       |     1 ||     1
Armor: Scale mail        |    43 |    99 |    39 |       ||   181
       Chain mail        |       |       |    99 |   182 ||   281
Dodge: Dodged            |    28 |    62 |    87 |    99 ||   276
Block: Shield            |    50 |    99 |   154 |   210 ||   513
